Map: Discord IV

Players

GogaMagoga

  • Race: Zerg Zerg
  • Spawn Location: 11:00

Gracz

  • Race: Terran Terran
  • Spawn Location: 9:00

Tardigrade

  • Race: Terran Terran
  • Spawn Location: 5:00

Unskilled

  • Race: Zerg Zerg
  • Spawn Location: 5:00

VOD

Have the link to the VOD?

Description

Time

  • Played on: April 16, 2016, 6:50 a.m.
  • Length: 10:35
Show
View Real Time Build Order
Export as new Build Order

GogaMagoga Zerg 

Build Orders: Hatch First, Muta Ling Bane 

Get SALT Encoding   

  12  0:02  Drone  
  13  0:11  Drone  
  14  0:33  Overlord  
  14  1:00  Hatchery  
  14  1:02  Drone  
  14  1:03  Drone x2  
  16  1:16  Spawning Pool  
  15  1:31  Drone x2  
  17  1:36  Extractor  
  16  1:46  Extractor  
  16  1:47  Drone x2  
  17  1:59  Drone  
  18  2:05  Queen  
  20  2:12  Zergling x2  
  21  2:16  Drone  
  21  2:20  Drone  
  23  2:27  Zergling x2  
  23  2:28  Spine Crawler  
  23  2:31  Drone  
  23  2:32  Metabolic Boost  
  24  2:38  Zergling x2  
  25  2:47  Spine Crawler  
  25  2:48  Drone  
  25  2:49  Drone  
  26  2:54  Drone  
  26  2:58  Drone  
  28  3:04  Spore Crawler  
  27  3:07  Drone  
  28  3:35  Overlord  
  28  3:39  Lair  
  28  3:43  Spine Crawler  
  28  3:46  Drone  
  28  3:56  Queen, Spore Crawler  
  28  3:58  Drone x2  
  28  3:59  Drone  
  32  4:08  Zergling x6  
  35  4:16  Drone  
  36  4:25  Overlord  
  36  4:30  Overlord x2  
  36  4:45  Zergling x10  
  39  4:57  Spire  
  38  5:04  Baneling Nest, Drone x2  
  39  5:13  Extractor  
  38  5:15  Extractor  
  38  5:19  Drone x4  
  41  5:24  Zergling x4  
  36  5:43  Zergling x6  
  36  5:44  Zergling x4  
  41  5:51  Centrifical Hooks  
  41  5:53  Baneling  
  41  5:54  Baneling x4  
  41  5:58  Drone  
  43  6:11  Zergling x6  
  43  6:16  Zerg Flyer Weapons Level 1  
  45  6:27  Zergling x12  
  49  6:46  Zergling x6  
  49  6:47  Zergling x4  
  43  6:53  Zergling x8  
  48  7:08  Baneling x6  
  48  7:09  Baneling x2  
  48  7:13  Drone x4  
  52  7:20  Mutalisk x2  
  52  7:21  Mutalisk  
  58  7:27  Drone x2  
  45  7:55  Zergling x4  
  45  7:56  Zergling x6  
  46  8:05  Drone  
  47  8:13  Zergling x4  
  47  8:16  Baneling x4  
  49  8:23  Mutalisk x2  
  53  8:38  Overlord x3  
  53  8:47  Spine Crawler, Overlord x2  
  53  8:48  Spine Crawler  
  51  8:50  Spine Crawler  
  51  8:53  Drone  
  51  8:54  Drone  
  52  8:56  Drone x2  
  54  9:06  Zergling x8  
  58  9:12  Overlord  
  58  9:19  Drone x3  
  61  9:24  Zergling x4  
  63  9:43  Zergling x10  
  68  9:50  Mutalisk  
  70  10:00  Mutalisk x3  
  70  10:01  Mutalisk x3  
  82  10:18  Drone x5  
  75  10:29  Spine Crawler  
  75  10:32  Spine Crawler  
Show
View Real Time Build Order
Export as new Build Order

Gracz Terran 

Build Orders:  

Get SALT Encoding   

  12  0:01  SCV  
  13  0:14  Refinery  
  13  0:39  Supply Depot  
  13  1:04  Engineering Bay  
  13  1:05  Barracks  
  13  1:08  SCV  
  14  1:58  Barracks, Barracks Reactor  
  14  1:59  Barracks  
  14  2:01  SCV  
  15  2:11  Barracks  
  15  2:14  SCV  
  16  2:28  Orbital Command  
  16  2:48  Barracks Reactor x2  
  16  2:59  SCV  
  17  3:10  Barracks  
  17  3:11  Barracks Reactor  
  17  3:14  Reaper  
  17  3:16  Marine  
  19  3:33  Marine  
  20  3:42  SCV  
  20  3:44  Refinery  
  20  3:46  Marine  
  22  3:54  SCV  
  23  4:05  Factory  
  23  4:07  Barracks Reactor  
  23  4:12  Supply Depot  
  23  4:14  SCV  
  24  4:26  Command Center  
  24  4:38  SCV  
  25  4:50  SCV  
  26  4:53  Starport  
  26  5:03  Barracks  
  26  5:14  Factory Tech Lab  
  26  5:32  Starport Tech Lab  
  26  5:36  Starport  
  26  5:43  Reaper x3  
  26  5:44  Reaper  
  30  5:51  Orbital Command  
  30  5:57  Barracks Tech Lab  
  30  6:07  Siege Tank  
  33  6:33  Reaper x2  
  33  6:36  Marine x4  
  33  6:37  Marine x4  
  14  7:22  Marine  
  11  7:23  Marine x7  
  17  7:40  Marine  
  17  7:41  Marine  
  14  7:55  Starport Tech Lab  
  14  7:58  Marine  
  14  8:04  Orbital Command  
  15  8:25  Medivac  
  17  8:29  Stimpack  
  17  9:12  Widow Mine  
  19  9:24  Banshee  
  19  9:26  Banshee  
  25  9:32  Marine x2  
  25  9:33  Marine x3  
Show
View Real Time Build Order
Export as new Build Order

Tardigrade Terran 

Build Orders: MMM Bio 

Get SALT Encoding   

  12  0:01  SCV  
  13  0:13  SCV  
  14  0:19  Supply Depot  
  14  0:25  SCV  
  15  0:40  SCV  
  15  0:42  Barracks  
  16  0:47  Refinery  
  16  0:53  SCV  
  17  1:06  SCV  
  17  1:07  Supply Depot  
  18  1:18  SCV  
  19  1:29  Barracks  
  19  1:32  Orbital Command  
  19  1:33  Reaper  
  20  1:46  Bunker  
  20  1:50  Refinery  
  20  1:57  SCV  
  21  2:07  Barracks Tech Lab  
  21  2:10  SCV  
  22  2:24  Barracks Reactor  
  22  2:35  Barracks  
  22  2:39  SCV  
  22  2:40  Combat Shields  
  22  2:44  Marine  
  23  2:48  Supply Depot  
  23  2:51  SCV  
  24  3:01  Marine  
  24  3:03  Factory, SCV  
  26  3:06  Marine  
  26  3:07  Marine  
  28  3:19  Marine  
  29  3:23  SCV  
  29  3:24  Marine  
  29  3:25  Marine  
  33  3:33  Barracks Reactor  
  32  3:34  Supply Depot  
  32  3:37  Marine  
  32  3:40  Engineering Bay  
  33  3:41  SCV  
  34  3:48  Widow Mine  
  34  3:54  Starport  
  34  3:55  Marine  
  37  3:56  Marine  
  37  3:57  Marine  
  39  4:08  SCV  
  39  4:09  Terran Infantry Weapons Level 1  
  40  4:15  Marine x3  
  43  4:21  Supply Depot  
  43  4:32  Marine x3  
  43  4:35  Liberator  
  45  4:48  Marine x2  
  45  4:49  Marine x2  
  49  4:58  SCV  
  53  5:13  Command Center  
  53  5:16  Supply Depot  
  53  5:19  Widow Mine  
  55  5:43  Marine  
  55  5:44  Marine, Marauder  
  55  5:49  Starport Reactor  
  59  5:51  Widow Mine  
  61  6:06  Marauder  
  63  6:12  Terran Infantry Armor Level 1  
  63  6:15  Supply Depot  
  63  6:24  Marine  
  63  6:25  Marine  
  65  6:32  SCV  
  66  6:38  Medivac, Supply Depot  
  66  6:39  Medivac  
  70  6:49  Marine x3  
  70  6:50  Marine x2  
  75  6:56  Stimpack  
  75  7:06  Supply Depot  
  73  7:24  Viking x2  
  73  7:26  Factory Tech Lab  
  73  7:28  Marine x3  
  73  7:29  Marine, Marauder  
  83  7:48  Marine  
  83  7:49  Marine x3  
  83  7:50  Marauder  
  72  8:03  Orbital Command  
  72  8:06  Marine  
  72  8:11  Marauder  
  75  8:24  Armory  
  75  8:26  Supply Depot  
  75  8:33  SCV, Marauder  
  78  8:39  Marine  
  78  8:40  Marine  
  80  8:45  SCV  
  81  8:53  Missile Turret  
  81  8:54  Marauder  
  83  8:57  SCV  
  83  9:01  SCV  
  85  9:09  SCV  
  86  9:13  Missile Turret  
  86  9:14  SCV  
  86  9:15  Missile Turret  
  86  9:16  Marauder  
  89  9:22  Refinery  
  89  9:24  Refinery, SCV  
  90  9:26  SCV  
  91  9:36  Medivac  
  91  9:37  Medivac  
  91  9:38  SCV  
  96  9:54  Command Center  
  96  9:56  Marine x3  
  99  10:03  Marine x2  
  103  10:12  SCV  
  103  10:13  Marine  
  105  10:19  SCV  
Show
View Real Time Build Order
Export as new Build Order

Unskilled Zerg 

Build Orders: Hatch First 

Get SALT Encoding   

  12  0:01  Drone  
  13  0:12  Overlord  
  13  0:17  Drone  
  14  0:30  Drone  
  14  0:31  Drone  
  14  0:34  Drone  
  17  0:53  Hatchery  
  17  0:56  Drone  
  17  1:00  Drone  
  18  1:13  Spawning Pool  
  18  1:15  Drone  
  18  1:19  Extractor  
  17  1:26  Drone  
  17  1:31  Drone  
  19  1:39  Drone  
  20  1:52  Drone  
  21  2:00  Overlord  
  21  2:05  Drone  
  21  2:07  Queen  
  21  2:08  Queen  
  26  2:11  Zergling x2  
  27  2:17  Drone  
  27  2:21  Metabolic Boost  
  27  2:22  Drone  
  29  2:27  Drone  
  30  2:32  Drone  
  31  2:38  Overlord  
  31  2:46  Queen  
  31  2:47  Drone  
  31  2:49  Drone  
  35  2:58  Drone  
  35  3:00  Overlord  
  36  3:07  Drone  
  36  3:17  Drone x3  
  36  3:18  Drone x4  
  43  3:23  Roach Warren  
  42  3:31  Drone x3  
  45  3:35  Extractor  
  45  3:37  Extractor  
  45  3:39  Lair  
  44  3:41  Drone x2  
  44  3:46  Evolution Chamber  
  44  3:47  Evolution Chamber  
  43  3:48  Drone  
  43  3:51  Drone x2  
  43  3:52  Drone  
  47  3:59  Drone x4  
  47  4:00  Drone  
  52  4:03  Extractor  
  52  4:07  Hatchery  
  50  4:24  Zerg Missile Weapons Level 1  
  50  4:29  Roach  
  50  4:31  Overlord x2  
  52  4:48  Zerg Ground Armor Level 1  
  52  4:49  Overlord x3  
  52  4:51  Roach x3  
  58  4:53  Glial Reconstitution  
  58  4:58  Roach x2, Hatchery  
  61  5:14  Overlord  
  61  5:20  Roach x3  
  61  5:21  Roach x2  
  71  5:35  Roach x6  
  77  5:55  Drone  
  78  5:58  Hydralisk Den  
  78  5:59  Drone  
  78  6:01  Drone x8  
  86  6:24  Drone x5  
  86  6:25  Queen, Drone  
  94  6:32  Muscular Augments  
  86  6:49  Drone x4  
  86  6:50  Drone  
  86  6:52  Drone  
  86  6:53  Drone x3  
  86  6:54  Infestation Pit, Drone x2  
  96  7:07  Extractor  
  95  7:09  Spine Crawler, Extractor  
  95  7:10  Spine Crawler, Drone, Spore Crawler  
  95  7:12  Overlord x2  
  95  7:13  Hydralisk x2, Overlord  
  96  7:16  Zerg Missile Weapons Level 2  
  96  7:17  Zerg Ground Armor Level 2  
  96  7:25  Hatchery  
  95  7:36  Hydralisk  
  95  7:37  Hydralisk x10  
  95  7:38  Hydralisk  
  119  8:02  Drone x2  
  119  8:03  Drone  
  122  8:14  Hydralisk  
  122  8:15  Hydralisk x3  
  122  8:18  Overlord x5  
  130  8:30  Spore Crawler  
  130  8:31  Spore Crawler, Hatchery  
  130  8:32  Spine Crawler, Lurker Den  
  126  8:34  Hive  
  126  8:35  Spine Crawler  
  125  8:45  Drone x4  
  129  8:51  Hydralisk x6  
  129  8:52  Hydralisk  
  143  9:04  Extractor  
  142  9:28  Overlord x4  
  142  9:29  Hydralisk x7  
  142  9:30  Hydralisk x3  
  162  9:56  Hydralisk x4  
  162  9:57  Hydralisk  
  172  10:00  Extractor  
  171  10:07  Drone x2  
  173  10:14  Spore Crawler  
Tags
 
Add a new tag
Caveats
  • Supply blocks, unpowered buildings, or Contaminate may cause inaccurate times.
  • Supply counts are checked every 10 seconds.